 Dungeon Crawl Stone Soup version 0.23.2-33-g5129a83184 (webtiles) character file.

Game seed: 2139276069812250763

1605 MalarOregon the Frost Mage (level 8, -5/52 HPs)
             Began as a Merfolk Ice Elementalist on Aug 2, 2019.
             Was an Initiate of Wu Jian.
             Killed by divine providence
             ... invoked by an orc priest
              (12 damage)
             ... on level 6 of the Dungeon.
             The game lasted 00:24:48 (9448 turns).

MalarOregon the Frost Mage (MfIE)                   Turns: 9448, Time: 00:24:48

Health: -5/52      AC:  4    Str:  9    XL:     8   Next: 94%
Magic:  8/11       EV: 12    Int: 16    God:    Wu Jian [......]
Gold:   271        SH:  0    Dex: 14    Spells: 2/11 levels left

rFire    . . .     SeeInvis .   u - +2 dagger (venom)
rCold    . . .     Gourm    .   (no shield)
rNeg     . . .     Faith    .   b - +1 leather armour
rPois    .         Spirit   .   (no helmet)
rElec    .         Reflect  .   (no cloak)
rCorr    .         Harm     .   (no gloves)
MR       .....                  (no boots)
Stlth    ++........             (no amulet)
HPRegen  0.17/turn              (no ring)
MPRegen  0.12/turn              (no ring)

@: no status effects
A: change form in water, swift swim, stealthy swim
a: Renounce Religion


You were on level 6 of the Dungeon.
You worshipped Wu Jian.
Wu Jian was noncommittal.
You were very hungry.

You visited 2 branches of the dungeon, and saw 7 of its levels.

You collected 271 gold pieces.

Inventory:

Hand Weapons
 j - a -2 bardiche
   (You found it on level 4 of the Dungeon)
 l - a +0 trident
   (You took it off an orc priest on level 4 of the Dungeon)
 u - a +2 dagger of venom (weapon)
   (You took it off an orc priest on level 6 of the Dungeon)
Missiles
 a - a throwing net (quivered) {!f}
 k - 104 arrows
Armour
 b - a +1 leather armour (worn)
   (You found it on level 1 of the Dungeon)
Wands
 t - a wand of flame (1)
   (You took it off a crimson imp on level 4 of the Dungeon)
Scrolls
 d - 5 scrolls of identify {@r1}
 f - a scroll of enchant armour
 h - a scroll of fog
 m - 2 scrolls of fear
 n - a scroll of remove curse {@r2}
 o - 3 scrolls of teleportation {@r4}
 p - a scroll of amnesia
Potions
 c - a potion of might {unknown}
 i - a potion of curing {@q1}
 q - a potion of ambrosia {unknown}
 r - a potion of flight {unknown}
Comestibles
 e - 3 rations {!d}


   Skills:
 + Level 5.0 Polearms
 - Level 2.6 Dodging
 - Level 2.1 Stealth
 - Level 2.2 Spellcasting
 * Level 5.9 Conjurations
 * Level 8.7 Ice Magic


You had 2 spell levels left.
You knew the following spells:

 Your Spells              Type           Power        Failure   Level  Hunger
a - Freeze                Ice            ####         1%          1    #......
c - Throw Icicle          Conj/Ice       ####....     14%         4    #####..
s - Sticks to Snakes      Tmut           #.......     41%         2    ###....
x - Throw Frost           Conj/Ice       ####..       2%          2    ###....

Your spell library contained the following spells:

 Spells                   Type           Power        Failure   Level  Hunger
 Beastly Appendage        Tmut           #.....       28%         1    #......
 Ozocubu's Armour         Chrm/Ice       ###.....     14%         3    ###....
 Ice Form                 Ice/Tmut       ###.....     43%         4    #####..
 Summon Ice Beast         Ice/Summ       ###.....     43%         4    #####..
 Spider Form              Tmut/Pois      #.........   65%         3    ###....
 Blade Hands              Tmut           #.........   100%        5    ######.


Dungeon Overview and Level Annotations

Branches:
Dungeon (6/15)             Temple (1/1) D:5

Altars:
Ashenzari
Cheibriados
Elyvilon
Fedhas
Gozag
Hepliaklqana
Kikubaaqudgha
Makhleb
Nemelex Xobeh
Okawaru
Qazlal
Ru
Sif Muna
Uskayaw
Vehumet
Wu Jian
Xom
Yredelemnul
Zin
The Shining One

Annotations:
D:4 1 runed translucent door, Destapler's ghost, amateur OgCK
D:6 Sigmund


Message History

An orc comes into view. It is wielding a +0 dagger.
The orc completely misses you.
Aim: an orc, wielding a +1 falchion of holy wrath and wearing a +0 chain mail (moderately wounded, poisoned)
You freeze the orc.
The orc shouts!
Aim: an orc, wielding a +1 falchion of holy wrath and wearing a +0 chain mail (moderately wounded, poisoned)
You freeze the orc!
You kill the orc!
The Council accepts your kill.
Aim: a jelly You freeze the jelly!
A shadow imp comes into view.
The jelly hits you.
You are splashed with acid!
The shadow imp shouts, "Scamper home, thou peaked mumble-news cross-patch!"
You hit the jelly but do no damage.
Your hands burn!
The orc priest looks satisfied for a moment.
The jelly barely misses you.
You hit the jelly.
Your hands burn!
The orc priest miscasts a cantrip.
The jelly hits you but does no damage.
You hit the jelly.
Your hands burn!
The jelly closely misses you.
You hit the jelly.
You kill the jelly!
The Council accepts your kill.
The centaur wields a +0 shortbow.
The centaur shoots an arrow.
The arrow hits you.
* * * LOW HITPOINT WARNING * * *
You lunge at the centaur.
You completely miss the centaur.
The centaur unwields a +0 shortbow.
The centaur barely misses you. The centaur misses you.
Things that are here:
a +1 falchion of holy wrath; a +0 chain mail You barely miss the centaur.
The centaur hits you.
* * * LOW HITPOINT WARNING * * *
Aim: a centaur You freeze the centaur.
The centaur closely misses you. The centaur hits you.
* * * LOW HITPOINT WARNING * * *
You hit the centaur. The centaur hits you.
* * * LOW HITPOINT WARNING * * *
You are feeling very hungry.
You barely miss the centaur. The centaur hits you.
* * * LOW HITPOINT WARNING * * *
The centaur hits you but does no damage.
You closely miss the centaur.
The centaur hits you but does no damage.
You hit the centaur but do no damage.
The centaur is poisoned.
The centaur hits you but does no damage.
The orc priest calls down the wrath of Beogh upon you.
Beogh smites you!
You die...

#### #.[. .##...###
........# ### .......Z.
..# ........# #.#
#....Z###### #.#
..#...5oc@(..# #.# ###
.......o####.###.######.##
.....#)## #.[...........#
....[.. #######.####.....
.....## #................
..... #.#####)####.....
.... #.# #..# ###### ...
#.# #.## ##_# ...### #.#
#.# 8...


You could see a centaur, an orc priest, a shadow imp, an orc and a leopard gecko
skeleton.

Vanquished Creatures
  Prince Ribbit (D:5)
  A sky beast (D:5)
  A phantom (D:5)
  2 ogres (D:5)
  A centaur (D:6)
  2 crimson imps
  A bullfrog skeleton (D:4)
  6 orc wizards
  4 hounds
  A jelly (D:6)
  5 orc priests
  2 iguanas
  Terence (D:2)
  3 worker ants (D:4)
  A hound zombie (D:5)
  A hound skeleton (D:5)
  7 gnolls
  7 adders
  An ooze (D:2)
  2 worms
  2 dart slugs (D:4)
  3 leopard geckos
  19 orcs
  7 bats
  3 giant cockroaches (D:2)
  4 hobgoblins
  7 jackals
  4 quokkas
  3 ball pythons
  3 frilled lizards
  9 goblins
  A jackal zombie (D:5)
  10 kobolds
  A quokka skeleton (D:4)
  3 rats
129 creatures vanquished.

Notes
Turn   | Place    | Note
-------+----------+-------------------------------------------
     0 | D:1      | MalarOregon the Merfolk Ice Elementalist began the quest
                  | for the Orb.
     0 | D:1      | Reached XP level 1. HP: 13/13 MP: 3/3
   858 | D:1      | Reached XP level 2. HP: 19/19 MP: 3/5
   862 | D:1      | Learned a level 2 spell: Throw Frost
  1023 | D:2      | Reached skill level 1 in Conjurations
  1255 | D:2      | Reached skill level 4 in Ice Magic
  1343 | D:2      | Reached XP level 3. HP: 21/24 MP: 6/6
  2278 | D:3      | Noticed Terence
  2285 | D:3      | Reached XP level 4. HP: 28/30 MP: 4/7
  2786 | D:2      | Killed Terence
  2786 | D:2      | Reached XP level 5. HP: 26/35 MP: 0/8
  2908 | D:3      | Reached skill level 5 in Ice Magic
  3954 | D:3      | Reached XP level 6. HP: 24/41 MP: 0/9
  4162 | D:4      | Learned a level 4 spell: Throw Icicle
  4165 | D:4      | Learned a level 2 spell: Sticks to Snakes
  4252 | D:4      | Reached skill level 6 in Ice Magic
  4551 | D:4      | Reached XP level 7. HP: 35/46 MP: 1/10
  4662 | D:4      | Found a radiant altar of Vehumet.
  4702 | D:4      | Found a burning altar of Makhleb.
  4761 | D:4      | Found a runed translucent door.
  4764 | D:4      | Noticed Destapler's ghost (amateur OgCK)
  4837 | D:4      | Reached skill level 1 in Polearms
  5839 | D:5      | Entered Level 5 of the Dungeon
  5855 | D:5      | Found a staircase to the Ecumenical Temple.
  5867 | Temple   | Entered the Ecumenical Temple
  5973 | Temple   | Became a worshipper of the Wu Jian Council
  6077 | D:5      | Reached skill level 7 in Ice Magic
  6170 | D:5      | Reached XP level 8. HP: 25/52 MP: 9/11
  6553 | D:5      | Reached skill level 5 in Conjurations
  6687 | D:5      | Found a sacrificial altar of Ru.
  7393 | D:5      | Noticed Prince Ribbit
  7403 | D:5      | Reached skill level 8 in Ice Magic
  7430 | D:5      | Killed Prince Ribbit
  7924 | D:5      | Found a staircase to the Ecumenical Temple.
  8042 | D:5      | Found a sacrificial altar of Ru.
  8348 | D:5      | Found a sacrificial altar of Ru.
  8999 | D:6      | Noticed Sigmund
  9048 | D:6      | Reached skill level 5 in Polearms
  9092 | D:6      | Found a hazy altar of Hepliaklqana.
  9448 | D:6      | Killed from afar by an orc priest

Skill      XL: |  1  2  3  4  5  6  7  8 |
---------------+-------------------------+-----
Conjurations   | 1 2 3 4 5 |  5.9
Ice Magic      | 4 5 6 7 8 |  8.7
Polearms       | 3 5 |  5.0
Dodging        | |  2.6
Stealth        | |  2.1
Spellcasting   | |  2.2

Action                   |  1- 3 |  4- 6 |  7- 9 || total
-------------------------+-------+-------+-------++-------
Melee: Mace              |    61 |    24 |       ||    85
       Whip              |       |    10 |       ||    10
       Dagger            |       |    46 |   161 ||   207
       Trident           |       |       |    37 ||    37
       Bardiche          |       |       |     5 ||     5
Throw: Throwing net      |       |       |     1 ||     1
 Cast: Freeze            |    25 |    50 |    33 ||   108
       Throw Frost       |     7 |    26 |     9 ||    42
       Throw Icicle      |       |       |     8 ||     8
Invok: Lunge             |       |       |    20 ||    20
  Use: Potion            |       |     2 |       ||     2
       Scroll            |       |       |     8 ||     8
 Stab: Sleeping          |     1 |       |     3 ||     4
  Eat: Chunk             |     5 |     7 |    11 ||    23
       Ration            |       |     1 |     2 ||     3
Armor: Leather armour    |    11 |    21 |    43 ||    75
Dodge: Dodged            |    51 |    92 |   126 ||   269
